 Dungeon Crawl Stone Soup version 0.18.1-48-g4cf74bf (webtiles) character file.

60 Mesmaeker13 the Poker (level 3, -2/29 HPs)
             Began as a Demonspawn Gladiator on Aug 19, 2016.
             Slain by an iron imp (10 damage)
             ... summoned by the player character
             ... on level 3 of the Dungeon.
             The game lasted 00:04:19 (2098 turns).

Mesmaeker13 the Poker (Demonspawn Gladiator)        Turns: 2098, Time: 00:04:19

Health: -2/29      AC:  4    Str: 15    XL:     3   Next: 80%
Magic:  3/3        EV: 12    Int: 10    God:
Gold:   89         SH:  0    Dex: 13    Spells: 0 memorised, 2 levels left

rFire  + . .     SeeInvis .     a - +1 trident
rCold  . . .     Gourm    .     b - +0 leather armour
rNeg   . . .     Faith    .     (no shield)
rPois  .         Spirit   .     (helmet restricted)
rElec  .         Dismiss  .     (no cloak)
rCorr  .         Reflect  .     (no gloves)
SustAt .         Harm     .     (no boots)
MR     .....                    (no amulet)
Stlth  +.........               (no ring)
                                (no ring)

@: not resistant to hostile enchantments, very unstealthy
A: horns 1, molten scales 1, blurry vision 1, demonic guardian 1, fire
resistance 1
a: no special abilities


You were on level 3 of the Dungeon.
You were not hungry.

You visited 1 branch of the dungeon, and saw 3 of its levels.

You collected 89 gold pieces.

Inventory:

Hand Weapons
 a - a +1 trident (weapon)
Missiles
 d - 3 throwing nets (quivered)
Armour
 b - a +0 leather armour (worn)
 c - a +0 helmet
Scrolls
 e - 3 scrolls of identify {unknown}
 h - 2 scrolls of teleportation {unknown}
Potions
 i - a potion of mutation
Comestibles
 f - a bread ration
 g - 3 fruits


   Skills:
 + Level 3.3 Fighting
 + Level 3.3 Polearms
 - Level 1.7 Throwing
 + Level 3.0 Dodging


You had 2 spell levels left.
You didn't know any spells.

Dungeon Overview and Level Annotations

Branches:
Dungeon (3/15)

Altars:

Annotations:
D:3 Grinder, Sigmund


Innate Abilities, Weirdness & Mutations

You are partially covered in molten scales (AC +1).
A weak demonic guardian rushes to your aid.
You have a pair of small horns on your head.
Scrolls take you a little longer to read.
Your flesh is heat resistant.


Message History

Something hits you but does no damage.
Grinder blinks!
The kobold hits your iron imp but does no damage.
You hear some strange, mumbled words.
Your iron imp appears confused.
The kobold hits your iron imp but does no damage.
Something hits you but does no damage.
Grinder blinks!
The kobold hits your iron imp but does no damage.
Your iron imp barely misses something.
Attack whom?
Press: ? - help, Dir - move target cursor, f - kobold
Aim: a kobold You reach to attack!
You closely miss the kobold.
The kobold completely misses your iron imp.
Something hits you!
You puncture the kobold!
You kill the kobold!
Something hits you!
* * * LOW HITPOINT WARNING * * *
Your iron imp hits you!
You die...

#########
#@5...^..
#†######.
#{r....r.
#.######.
#.# #.# .
#5# .@.
#.###.....
#.......!.


You could see Grinder, a rat and a friendly iron imp (confused).

Vanquished Creatures
  2 adders (D:2)
  An ooze (D:2)
  A giant cockroach (D:2)
  7 goblins
  2 hobgoblins (D:1)
  10 kobolds
  2 quokkas (D:2)
  6 bats
  6 giant newts
  4 rats
41 creatures vanquished.

Notes
Turn   | Place    | Note
--------------------------------------------------------------
     0 | D:1      | Mesmaeker13 the Demonspawn Gladiator began the quest for the Orb.
     0 | D:1      | Reached XP level 1. HP: 16/16 MP: 1/1
     6 | D:1      | Noticed a seven-headed hydra
     6 | D:1      | Noticed a killer bee
     6 | D:1      | Noticed an iguana
     6 | D:1      | Noticed a swamp worm
   210 | D:1      | Gained mutation: You are partially covered in molten scales (AC +1). [demonic ancestry]
   210 | D:1      | Reached XP level 2. HP: 18/23 MP: 2/2
   774 | D:2      | Gained mutation: A weak demonic guardian rushes to your aid. [demonic ancestry]
   774 | D:2      | Reached XP level 3. HP: 17/28 MP: 3/3
   778 | D:2      | HP: 1/28 [goblin/uncursed club (4)]
   780 | D:2      | Gained mutation: Your flesh is heat resistant. [potion of mutation]
   780 | D:2      | Gained mutation: You have a pair of small horns on your head. [potion of mutation]
   780 | D:2      | Gained mutation: Scrolls take you a little longer to read. [potion of mutation]
  2072 | D:3      | Noticed Sigmund
  2072 | D:3      | Noticed Grinder
  2098 | D:3      | Slain by an iron imp

Skill      XL: |  1  2  3 |
---------------+----------+-----
Polearms       | 3 |  3.3
Dodging        | 3 |  3.0
Fighting       | 3 |  3.3
Throwing       | |  1.7

Action                   || total
-------------------------++-------
Melee: Trident           ||   134
       Headbutt          ||     5
  Use: Potion            ||     3
       Scroll            ||     2
  Eat: Bread ration      ||     1
       Fruit             ||     1
Armor: Leather armour    ||    37
       Skin              ||     3
Dodge: Dodged            ||    71
